 Dungeon Sprint DCSS version 0.29-a0-284-gf9362112df (webtiles) character file.

Game seed: 9581538629084820322

1271 mhtbhm the Slinger (level 8, 0/73 HPs)
             Began as a Minotaur Hunter on Mar 27, 2022.
             Was an Initiate of Gozag.
             Slain by Erica
             ... wielding a +4 scimitar of flaming
              (3 damage)
             ... in the Dungeon (Sprint III: "The Ten Rune Challenge").
             The game lasted 00:02:01 (1607 turns).

mhtbhm the Slinger (Minotaur Hunter)                Turns: 1607, Time: 00:02:02

Health: 0/73       AC:  4    Str: 19    XL:     8   Next: 28%
Magic:  7/7        EV: 14    Int:  6    God:    Gozag
Gold:   180        SH:  0    Dex: 13    Spells: 7/7 levels left

rFire   . . .      SeeInvis .   k - +3 quarterstaff (chaos)
rCold   . . .      Faith    .   (shield currently unavailable)
rNeg    . . .      Spirit   .   b - +0 leather armour
rPois   .          Reflect  .   (helmet restricted)
rElec   .          Harm     .   (no cloak)
rCorr   .          Rampage  .   (no gloves)
Will    .....      NoTele   +   (no boots)
Stlth   ++........              (no amulet)
HPRegen 0.22/turn               (no ring)
MPRegen 0.10/turn               (no ring)

@: no status effects
A: horns 2, retaliatory headbutt
a: Renounce Religion, Potion Petition, Call Merchant, Bribe Branch


You were in the Dungeon.
You worshipped Gozag.
Gozag was aware of your devotion.
You visited 1 branch You collected 180 gold pieces.

Inventory:

Hand Weapons
 a - a +1 hunting sling
 k - a +3 quarterstaff of chaos (weapon)
Armour
 b - a +0 leather armour (worn)
 h - a +0 cloak
Wands
 p - a wand of flame (10)
Scrolls
 c - 2 scrolls of immolation
 i - a scroll of blinking
 l - a scroll of identify {unknown}
 m - a scroll of holy word {unknown}
 n - a scroll of amnesia {unknown}
Potions
 d - a potion of curing
 e - 2 potions of heal wounds
 f - a potion of haste
 g - 3 potions of magic
 j - 6 potions of mutation
 o - a potion of invisibility {unknown}
 r - a potion of might
Miscellaneous
 q - a tin of tremorstones (2/2)


   Skills:
 + Level 7.5 Fighting
 + Level 4.3 Short Blades
 + Level 10.8 Staves
 + Level 12.2 Slings
 + Level 7.9 Armour
 + Level 7.1 Dodging
 + Level 2.9 Stealth
 + Level 0.3 Evocations


You had 7 spell levels left.
You didn't know any spells.
Your spell library contained the following spells:

 Spells                   Type           Power      Damage    Failure   Level
 Beastly Appendage        Tmut           0%         N/A       50%         1
 Wereblood                Tmut           0%         N/A       65%         2
 Spider Form              Tmut/Pois      0%         N/A       86%         3


Dungeon Overview and Level Annotations

Branches:
Dungeon (1/1)

Altars:
Cheibriados
Dithmenos
Elyvilon
Fedhas
Gozag
Hepliaklqana
Kikubaaqudgha
Makhleb
Nemelex Xobeh
Okawaru
Qazlal
Ru
Sif Muna
Trog
Uskayaw
Vehumet
Wu Jian
Xom
Yredelemnul
Zin
The Shining One
Beogh
Jiyva
Lugonu

Annotations:
D Erica


Innate Abilities, Weirdness & Mutations

You have a pair of horns on your head.
You reflexively headbutt those who attack you in melee.


Message History

Erica the Fiery-Tempered comes into view.
She is wielding a +4 scimitar of flaming.
Unknown command.
You enter the shallow water.
Moving in this stuff is going to be slow.
Erica shouts!
Erica hits you with a +4 scimitar of flaming!
Erica burns you. Erica closely misses you.
Erica hits you with a +4 scimitar of flaming!
Erica burns you.
You sock Erica! You burn Erica.
Erica is moderately wounded.
Erica barely misses you. You furiously retaliate!
You headbutt Erica! You barely miss Erica.
Erica is moderately wounded.
You hit Erica but do no damage.
Erica is moderately wounded.
Erica gestures at you while chanting. You resist with significant effort.
You closely miss Erica.
Erica is moderately wounded.
Erica mumbles some strange words.
Erica flickers and vanishes!
Deactivating autopickup; reactivate with Ctrl-A.
You sock something! You burn something. Something barely misses you.
You hit something. You hit something. Something hits you. Something burns you.
You hit something.
Nothing appears to happen.
Something hits you! Something burns you.
You miss something. Something hits you!
* * * LOW HITPOINT WARNING * * *
Something burns you.
* * * LOW HITPOINT WARNING * * *
You barely miss something. You hit something.
Nothing appears to happen.
Your headbutt misses something. Something barely misses you.
You hit something.
You feel better. Something hits you!
* * * LOW HITPOINT WARNING * * *
Something burns you.
You die...
Your body crumbles into a pile of gold.

.###'#'###)##$$ $
.#..........# $
.'.⌠........#$ $ $
$ .#...######'#$ $
$ $
.#.⌠.#__#...#+#####
.#...#__#...#.§≈§§+
.#'###__#...#.#§§§#
.#)..#__#...'.#{§.#
.#___#__'...#.#§@.#
▓▓▓▓▓▓▓▓▓▓▓▓▓▓▓▓▓▓▓
$$ $


There were no monsters in sight!

Vanquished Creatures
  A deep elf pyromancer (D)
  A shadow (D)
  A spatial vortex (D)
  A necrophage (D)
  A water elemental (D)
  A jelly (D)
  Crazy Yiuf (D)
  Jessica (D)
  A necromancer (D)
  3 humans (D)
  A kobold demonologist (D)
  An endoplasm (D)
  2 rats (D)
16 creatures vanquished.

Vanquished Creatures (others)
  A wizard (D)
1 creature vanquished.

Grand Total: 17 creatures vanquished

Notes
Turn   | Place    | Note
-------+----------+-------------------------------------------
     0 | D        | mhtbhm the Minotaur Hunter began the quest for the Orb.
     0 | D        | Reached XP level 1. HP: 18/18 MP: 0/0
     8 | D        | Reached skill level 5 in Slings
    46 | D        | Noticed Jessica
    52 | D        | Killed Jessica
    53 | D        | Reached skill level 7 in Slings
    53 | D        | Reached XP level 2. HP: 26/26 MP: 1/1
   118 | D        | Reached XP level 3. HP: 31/31 MP: 2/2
   150 | D        | Reached skill level 8 in Slings
   274 | D        | Noticed Crazy Yiuf
   288 | D        | Killed Crazy Yiuf
   289 | D        | Reached skill level 1 in Short Blades
   289 | D        | Reached skill level 9 in Slings
   289 | D        | Reached skill level 1 in Armour
   289 | D        | Reached XP level 4. HP: 32/38 MP: 3/3
   418 | D        | Noticed a water elemental
   426 | D        | Killed a water elemental
   427 | D        | Reached skill level 1 in Staves
   427 | D        | Reached skill level 10 in Slings
   570 | D        | Found a radiant altar of Vehumet.
   570 | D        | Found a shimmering blue altar of Sif Muna.
   570 | D        | Found an ancient bone altar of Kikubaaqudgha.
   570 | D        | Noticed a wizard
   574 | D        | Noticed a sun demon
   576 | D        | Reached XP level 5. HP: 46/46 MP: 4/4
   820 | D        | Found a basalt altar of Yredelemnul.
   820 | D        | Found a shadowy altar of Dithmenos.
   820 | D        | Found a sacrificial altar of Ru.
   822 | D        | Reached skill level 1 in Stealth
   831 | D        | Reached skill level 11 in Slings
  1048 | D        | Reached skill level 5 in Fighting
  1048 | D        | Reached skill level 5 in Dodging
  1048 | D        | Reached XP level 6. HP: 51/56 MP: 5/5
  1076 | D        | Noticed a shadow
  1081 | D        | Killed a shadow
  1082 | D        | Reached skill level 5 in Armour
  1142 | D        | Found a blossoming altar of Fedhas.
  1142 | D        | Found a stormy altar of Qazlal.
  1142 | D        | Found a snail-covered altar of Cheibriados.
  1142 | D        | Found a burning altar of Makhleb.
  1142 | D        | Found a shimmering altar of Xom.
  1142 | D        | Noticed a spatial vortex
  1143 | D        | Found a hazy altar of Hepliaklqana.
  1143 | D        | Found an opulent altar of Gozag.
  1143 | D        | Found a sparkling altar of Nemelex Xobeh.
  1143 | D        | Found a corrupted altar of Lugonu.
  1143 | D        | Found a viscous altar of Jiyva.
  1245 | D        | Killed a spatial vortex
  1246 | D        | Reached skill level 12 in Slings
  1246 | D        | Reached XP level 7. HP: 63/63 MP: 6/6
  1251 | D        | Became a worshipper of Gozag Ym Sagoz the Greedy
  1273 | D        | Found a glowing silver altar of Zin.
  1273 | D        | Found a glowing golden altar of the Shining One.
  1273 | D        | Found a white marble altar of Elyvilon.
  1274 | D        | Noticed a deep elf pyromancer
  1278 | D        | Noticed a fire elemental
  1281 | D        | Killed a deep elf pyromancer
  1413 | D        | Found a hide-covered altar of Uskayaw.
  1413 | D        | Found an iron altar of Okawaru.
  1413 | D        | Found a bloodstained altar of Trog.
  1413 | D        | Found an ornate altar of the Wu Jian Council.
  1413 | D        | Noticed a human
  1413 | D        | Noticed a human
  1417 | D        | Killed a human
  1418 | D        | Reached skill level 10 in Staves
  1418 | D        | Reached XP level 8. HP: 59/73 MP: 7/7
  1593 | D        | Noticed Erica
  1607 | D        | HP: 3/73 [something (14)]
  1607 | D        | Slain by Erica

Illustrated notes

Levels and vault maps discovered:
D:        dungeon_sprint_mu [sprint_mu_entry_cave, sprint_mu_temple_rooms,
          sprint_mu_d1_horrors, sprint_mu_d2_genie, sprint_mu_d3_branching,
          sprint_mu_orc_legion, sprint_mu_elf_gauntlet, sprint_mu_hive_nellie,
          sprint_mu_lair_fedhas, sprint_mu_vaults_butterflies,
          sprint_mu_slime_circle, sprint_mu_swamp_cave, sprint_mu_shoals_archi,
          sprint_mu_blade_basic, sprint_mu_crypt_lich, sprint_mu_tomb_spiral,
          sprint_mu_vestibule_basic, sprint_mu_gehenna_hellfire,
          sprint_mu_dis_giant, sprint_mu_tartarus_statrot,
          sprint_mu_cocytus_islands, sprint_mu_zot1]

Skill      XL: |  1  2  3  4  5  6  7  8 |
---------------+-------------------------+-----
Slings         | 7 9 10 11 12 | 12.2
Fighting       | 3 4 5 6 7 |  7.5
Dodging        | 3 4 5 6 7 |  7.1
Short Blades   | 1 2 3 4 |  4.3
Armour         | 1 2 4 6 7 |  7.9
Staves         | 1 4 7 10 | 10.8
Stealth        | 1 2 |  2.9
Evocations     | |  0.3

Action                   |  1- 3 |  4- 6 |  7- 9 || total
-------------------------+-------+-------+-------++-------
Melee: Dagger            |    31 |       |       ||    31
       Headbutt          |     5 |     8 |     3 ||    16
       Quarterstaff      |       |    35 |    25 ||    60
 Fire: Hunting sling     |    15 |     2 |       ||    17
Evoke: Tin of tremorston |       |       |     2 ||     2
  Use: Potion            |     1 |       |       ||     1
Armor: Leather armour    |     6 |     5 |       ||    11
Dodge: Dodged            |    20 |    14 |    10 ||    44

Table legend: (Time is in decaauts)
 A = Elapsed time spent in this place.
 B = Non-inter-level travel time spent in this place.
 C = Inter-level travel time spent in this place.
 D = Time resting spent in this place.
 E = Time spent auto-exploring this place.
 F = Levels seen in this place.
 G = Mean time per level.
                   A        B        C        D        E       F      G
               +--------+--------+--------+--------+--------+-----+--------+
         Total |   1614 |   1614 |      0 |   1235 |     42 |   1 | 1614.0 |
       Dungeon |   1614 |   1614 |      0 |   1235 |     42 |   1 | 1614.0 |
               +--------+--------+--------+--------+--------+-----+--------+

Top non-repeatable levels by time:
       D: 1614 daAuts
